 Dungeon Sprint DCSS version 0.29.1-2-gbd0b4ee654 (webtiles) character file.

Game seed: 257112715398580096

10700000 Groucho the Intangible (level 27, -144/228 HPs)
             Began as a Djinni Wanderer on Nov 28, 2022.
             Was the Champion of Makhleb.
             Annihilated by a destroyer
             ... wielding a +9 vorpal great sword
              (193 damage)
             ... in the Dungeon (Sprint VIII: "Arena of Blood").
             The game lasted 00:06:44 (107 turns).

Groucho the Intangible (Djinni Wanderer)             Turns: 107, Time: 00:06:45

Health: -144/228   AC:  4    Str: 10    XL:     27
Gold:   0          EV: 40    Int: 15    God:    Makhleb [******] SH:  0 Dex: 27

rFire   + + .      SeeInvis .   k - +∞ Axe of Woe
rCold   x . .      Faith    .   (shield currently unavailable)
rNeg    . . .      Spirit   .   f - +0 robe
rPois   ∞          Reflect  .   (no helmet)
rElec   .          Harm     .   (no cloak)
rCorr   .          Rampage  .   (no gloves)
Will    ++...      NoTele   +   (boots unavailable)
Stlth   ++++++++++              (no amulet)
HPRegen 0.48/turn               m - +200 ring of slaying
MPRegen 0.00/turn               (no ring)

@: flying, hasted, very quick
A: sickness immunity, fire resistance 2, cold vulnerability 1, float, innate
caster, HP casting, extra vitality 1
a: Renounce Religion, Minor Destruction, Lesser Servant of Makhleb, Major
Destruction, Greater Servant of Makhleb


You were in the Dungeon.
You worshipped Makhleb.
Makhleb was exalted by your worship.
You visited 1 branch

Inventory:

Hand Weapons
 a - a +2 dagger
 c - a +0 sling
 k - the +∞ Axe of Woe (weapon)
   (You found it in the Dungeon)
Missiles
 b - 3 curare-tipped darts (quivered)
Armour
 f - a +0 robe (worn)
Jewellery
 h - a +30 ring of slaying
 i - a +30 ring of slaying
 l - a +100 ring of slaying
 m - a +200 ring of slaying (left hand)
 n - a +100 ring of slaying
 o - a +250 ring of slaying
 p - a +200 ring of slaying
 q - a +250 ring of slaying
 r - a +100 ring of slaying
 s - a +200 ring of slaying
 t - a +100 ring of slaying
 u - a +200 ring of slaying
 v - a +200 ring of slaying
 w - a +30 ring of slaying
 x - a +100 ring of slaying
 y - a +200 ring of slaying
 z - a +30 ring of slaying
 A - a +30 ring of slaying
 B - a +30 ring of slaying
 C - a +30 ring of slaying
 D - a +30 ring of slaying
 E - a +30 ring of slaying
Wands
 d - a wand of polymorph (6)
Scrolls
 e - 2 scrolls of blinking
Potions
 g - a potion of curing
 j - a potion of berserk rage


   Skills:
 O Level 27 Fighting
 O Level 27 Short Blades
 O Level 27 Long Blades
 O Level 27 Axes
 O Level 27 Maces & Flails
 O Level 27 Polearms
 O Level 27 Staves
 O Level 27 Ranged Weapons
 O Level 27 Throwing
 O Level 27 Armour
 O Level 27 Dodging
 O Level 27 Stealth
 O Level 27 Shields
 O Level 27 Unarmed Combat
 O Level 27 Spellcasting
 O Level 27 Invocations
 O Level 27 Evocations


You had 8 spell levels left.
You knew the following spells:

 Your Spells              Type           Power      Damage    Failure   Level
a - Necrotise             Necr           100%       1d9       0%          1
b - Ensorcelled Hibernat  Hex/Ice        100%       N/A       0%          2
c - Wereblood             Tmut           79%        N/A       0%          2
d - Call Canine Familiar  Summ           79%        N/A       0%          3
e - Alistair's Intoxicat  Tmut/Pois      52%        N/A       0%          5
f - Agony                 Necr           79%        N/A       0%          5
g - Dispersal             Tloc           39%        N/A       0%          6
h - Malign Gateway        Summ/Tloc      39%        N/A       1%          7
i - Dragon Form           Tmut           39%        N/A       1%          7
j - Infestation           Necr           39%        N/A       1%          8
k - Maxwell's Capacitive  Air            39%        ∞         1%          8
l - Death's Door          Necr           39%        N/A       2%          9
m - Dragon's Call         Summ           39%        N/A       2%          9
Your spell library was empty.

Dungeon Overview and Level Annotations

Branches:
Dungeon (1/1)

Altars:
Makhleb


Innate Abilities, Weirdness & Mutations

You are immune to sickness and miasma.
You are immune to poison.
Your flesh is very heat resistant. (rF++)
You are vulnerable to cold. (rC-)
You float through the air rather than walking.
You learn spells naturally, not from books.
Your magical power is your life essence.
You have superior vitality. (+4 MHP)


Message History

You slice one of the eight-headed meat hydra's heads off!
The seven-headed meat hydra grows two more!
You carve the nine-headed meat hydra like a ham!!!!
You chop the nine-headed meat hydra into pieces.
You blow up the nine-headed meat hydra!
Makhleb accepts your kill.
You feel better.
You hear a shout! x2
The eight-headed meat hydra calls on the powers of darkness!
The eight-headed meat hydra convulses!
The bag of meat convulses!
Something is bathed in an unholy light! x2; Your body is wracked with pain!
The bag of meat convulses! x2
Unknown command.
Okay, then.
A destroyer and a bag of meat come into view.
The destroyer is wielding a +9 vorpal great sword.
You hear a shout! x2
The destroyer points at you and mumbles some strange words.
The destroyer blinks!
You hear a shout! x2; You feel something staring at you.
Something smites you!
You hear a shout!
h - a +30 ring of slaying;
i - a +30 ring of slaying;
w - a +30 ring of slaying
x - a +100 ring of slaying;
y - a +200 ring of slaying
z - a +30 ring of slaying;
A - a +30 ring of slaying;
B - a +30 ring of slaying
C - a +30 ring of slaying;
D - a +30 ring of slaying;
E - a +30 ring of slaying
Items here: ))))))))))))) ††††††††.
You hear an angry hiss.
The eight-headed meat hydra calls on the powers of darkness!
The eight-headed meat hydra convulses!
The bag of meat convulses!
Something is bathed in an unholy light! x3; Your body is wracked with pain!
* * * LOW HITPOINT WARNING * * *
The bag of meat convulses! x3
You hear a shout!
A bag of meat comes into view. It is wielding a +9 war axe.
You hear a shout!
The destroyer is engulfed in blazing flames.
The destroyer hits you with a +9 vorpal great sword!!!!!
Ouch! That really hurt!
You die...

.. .... o..
..... #.. ...# .
#.. ...# .
.o###.. ...###OV
......###.......
.°....o_).....o.
#§V○))# #☼@§o_#
#§○)))#
..§§Do)_)§......
....{.###.......
..###.. ...###..
. #.. ...# . #..
...# ... .....
.. ....


You could see an eight-headed meat hydra, a destroyer and 5 bags of meat.

Vanquished Creatures
  5 hell beasts (D)
  7 royal mummies (D)
  A great orb of eyes (D)
  2 wraiths (D)
  12 vampire knights (D)
  37 ogres (D)
  7 two-headed ogres (D)
  8 liches (D)
  4 hydras (D)
  3 phantoms (D)
  54 orcs (D)
  4 skeletal warriors (D)
144 creatures vanquished.

Vanquished Creatures (others)
  2 two-headed ogres (D)
  5 orcs (D)
7 creatures vanquished.

Grand Total: 151 creatures vanquished

Notes
Turn   | Place    | Note
-------+----------+-------------------------------------------
     0 | D        | Found the +∞ Axe of Woe
     0 | D        | Groucho the Djinni Wanderer began the quest for the Orb.
     0 | D        | Groucho set off with the following items: a +2 dagger, 3
                  | curare-tipped darts, a +0 sling, a wand of polymorph (6), 2
                  | scrolls of blinking, a +0 robe, a potion of curing, a
                  | potion of heal wounds, a potion of haste, a potion of
                  | berserk rage.
     0 | D        | Reached XP level 1. HP: 17/17 MP: 0/0
     2 | D        | Noticed a bag of meat
     2 | D        | Noticed a bag of meat
     4 | D        | Became a worshipper of Makhleb the Destroyer
     5 | D        | Killed a bag of meat
     5 | D        | Noticed a meat berserker
     6 | D        | Reached XP level 2. HP: 22/22 MP: 0/0
     6 | D        | Reached XP level 3. HP: 27/27 MP: 0/0
     6 | D        | Learned a level 1 spell: Necrotise
     6 | D        | Reached XP level 4. HP: 32/32 MP: 0/0
     6 | D        | Reached XP level 5. HP: 37/37 MP: 0/0
     6 | D        | Learned a level 2 spell: Ensorcelled Hibernation
     6 | D        | Reached XP level 6. HP: 42/42 MP: 0/0
     6 | D        | Reached XP level 7. HP: 47/47 MP: 0/0
     6 | D        | Learned a level 2 spell: Wereblood
     6 | D        | Reached XP level 8. HP: 52/52 MP: 0/0
     6 | D        | Reached XP level 9. HP: 57/57 MP: 0/0
     6 | D        | Learned a level 3 spell: Call Canine Familiar
     6 | D        | Reached XP level 10. HP: 62/62 MP: 0/0
     6 | D        | Reached XP level 11. HP: 67/67 MP: 0/0
     6 | D        | Learned a level 5 spell: Alistair's Intoxication
     7 | D        | Killed a meat berserker
     7 | D        | Reached * piety under Makhleb
     7 | D        | Noticed a meat berserker
     8 | D        | Reached skill level 15 in Dodging
     8 | D        | Reached XP level 12. HP: 72/72 MP: 0/0
     8 | D        | Reached XP level 13. HP: 76/76 MP: 0/0
     8 | D        | Learned a level 5 spell: Agony
     8 | D        | Killed a bag of meat
     8 | D        | Noticed a meat berserker
    11 | D        | Noticed a meat berserker
    11 | D        | Noticed a meat berserker
    12 | D        | Noticed a bag of meat
    12 | D        | Noticed a meat berserker
    12 | D        | Noticed a bag of meat
    13 | D        | Killed a meat berserker
    13 | D        | Noticed a bag of meat
    14 | D        | Reached XP level 14. HP: 83/83 MP: 0/0
    14 | D        | Noticed a meat berserker
    14 | D        | Killed a meat berserker
    14 | D        | Reached ** piety under Makhleb
    14 | D        | Noticed a meat berserker
    14 | D        | Noticed a bag of meat
    14 | D        | Noticed a bag of meat
    15 | D        | Reached XP level 15. HP: 87/87 MP: 0/0
    15 | D        | Learned a level 6 spell: Dispersal
    15 | D        | Killed a meat berserker
    15 | D        | Killed a meat berserker
    15 | D        | Noticed a large bag of meat
    16 | D        | Reached skill level 27 in Dodging
    16 | D        | Reached XP level 16. HP: 93/93 MP: 0/0
    17 | D        | Killed a meat berserker
    17 | D        | Reached *** piety under Makhleb
    19 | D        | Reached skill level 27 in Axes
    20 | D        | Reached XP level 17. HP: 116/116 MP: 0/0
    20 | D        | Learned a level 7 spell: Malign Gateway
    20 | D        | Killed a meat berserker
    20 | D        | Reached **** piety under Makhleb
    20 | D        | Killed a meat berserker
    20 | D        | Noticed a destroyer
    21 | D        | Noticed a meat berserker
    21 | D        | Noticed a large bag of meat
    22 | D        | Noticed a large bag of meat
    22 | D        | Noticed a meat berserker
    23 | D        | Reached XP level 18. HP: 149/149 MP: 0/0
    23 | D        | Reached ***** piety under Makhleb
    24 | D        | Killed a large bag of meat
    24 | D        | Noticed a meat berserker
    25 | D        | Noticed a large bag of meat
    26 | D        | Reached XP level 19. HP: 165/171 MP: 0/0
    26 | D        | Learned a level 7 spell: Dragon Form
    26 | D        | Killed a meat berserker
    27 | D        | Reached skill level 27 in Fighting
    27 | D        | Reached skill level 27 in Armour
    27 | D        | Reached skill level 5 in Invocations
    27 | D        | Killed a meat berserker
    27 | D        | Reached ****** piety under Makhleb
    27 | D        | Noticed a meat berserker
    27 | D        | Noticed a destroyer
    28 | D        | Reached skill level 10 in Maces & Flails
    28 | D        | Killed a meat berserker
    29 | D        | Reached skill level 15 in Invocations
    29 | D        | Reached XP level 20. HP: 174/181 MP: 0/0
    29 | D        | Killed a destroyer
    29 | D        | Noticed a destroyer
    30 | D        | Reached skill level 15 in Maces & Flails
    30 | D        | Reached skill level 27 in Evocations
    30 | D        | Killed a large bag of meat
    31 | D        | Killed a large bag of meat
    31 | D        | Killed a large bag of meat
    31 | D        | Noticed a meat berserker
    31 | D        | Noticed a meat berserker
    32 | D        | Reached XP level 21. HP: 159/187 MP: 0/0
    32 | D        | Learned a level 8 spell: Infestation
    33 | D        | Killed a destroyer
    33 | D        | Killed a destroyer
    33 | D        | Noticed an eight-headed meat hydra
    34 | D        | Reached skill level 27 in Invocations
    34 | D        | Reached XP level 22. HP: 191/194 MP: 0/0
    34 | D        | Killed a meat berserker
    35 | D        | Reached skill level 27 in Maces & Flails
    36 | D        | Reached skill level 5 in Spellcasting
    37 | D        | Killed a meat berserker
    37 | D        | Killed a meat berserker
    37 | D        | Noticed a meat berserker
    38 | D        | Reached skill level 27 in Unarmed Combat
    38 | D        | Reached XP level 23. HP: 198/201 MP: 0/0
    38 | D        | Learned a level 8 spell: Maxwell's Capacitive Coupling
    39 | D        | Noticed a destroyer
    42 | D        | Noticed a destroyer
    42 | D        | Noticed a destroyer
    46 | D        | Killed a destroyer
    46 | D        | Killed a destroyer
    47 | D        | Reached skill level 27 in Spellcasting
    47 | D        | Reached skill level 10 in Polearms
    47 | D        | Reached XP level 24. HP: 155/208 MP: 0/0
    47 | D        | Noticed an accursed
    47 | D        | Noticed a tyrant
    47 | D        | Killed an accursed
    47 | D        | Killed a destroyer
    48 | D        | Noticed an accursed
    48 | D        | Noticed a tyrant
    50 | D        | Noticed an accursed
    52 | D        | Noticed an accursed
    52 | D        | Killed an accursed
    53 | D        | Reached XP level 25. HP: 194/214 MP: 0/0
    53 | D        | Learned a level 9 spell: Death's Door
    54 | D        | Killed a tyrant
    54 | D        | Noticed a destroyer
    55 | D        | Reached skill level 27 in Staves
    58 | D        | Killed a tyrant
    58 | D        | Killed a destroyer
    59 | D        | Reached skill level 27 in Polearms
    60 | D        | Reached XP level 26. HP: 209/221 MP: 0/0
    61 | D        | Noticed a destroyer
    64 | D        | Noticed a destroyer
    65 | D        | Noticed a destroyer
    65 | D        | Noticed a large bag of meat
    65 | D        | Noticed a tyrant
    68 | D        | Noticed a tyrant
    69 | D        | Killed a destroyer
    69 | D        | Noticed an accursed
    70 | D        | Noticed a large bag of meat
    70 | D        | Killed an accursed
    71 | D        | Reached skill level 27 in Short Blades
    71 | D        | Reached skill level 27 in Long Blades
    71 | D        | Reached XP level 27. HP: 147/228 MP: 0/0
    71 | D        | Learned a level 9 spell: Dragon's Call
    72 | D        | Killed a tyrant
    72 | D        | Noticed a large bag of meat
    74 | D        | Killed a destroyer
    75 | D        | Reached skill level 27 in Shields
    75 | D        | Noticed a tyrant
    76 | D        | Noticed a meat beast
    77 | D        | Reached skill level 27 in Ranged Weapons
    77 | D        | Reached skill level 15 in Throwing
    77 | D        | Killed a large bag of meat
    77 | D        | Noticed a tyrant
    77 | D        | Noticed a large bag of meat
    78 | D        | Noticed an accursed
    80 | D        | Killed a tyrant
    80 | D        | Killed a meat beast
    80 | D        | Killed a large bag of meat
    80 | D        | Noticed a tyrant
    81 | D        | Reached skill level 27 in Throwing
    81 | D        | Noticed a destroyer
    82 | D        | Reached skill level 27 in Stealth
    82 | D        | Killed a destroyer
    83 | D        | Noticed a dread
    83 | D        | Noticed a destroyer
    84 | D        | Noticed a meat beast
    84 | D        | Noticed a dread
    85 | D        | Noticed a meat beast
    86 | D        | Noticed a meat beast
    87 | D        | Killed a tyrant
    87 | D        | Killed a destroyer
    88 | D        | Killed an accursed
    88 | D        | HP: 9/228 [tyrant/the air (62)]
    88 | D        | Noticed a large bag of meat
    89 | D        | Killed a tyrant
    89 | D        | Noticed a tyrant
    90 | D        | Killed a meat beast
    90 | D        | Killed a tyrant
    90 | D        | Noticed a destroyer
    91 | D        | Killed an accursed
    93 | D        | Killed a meat beast
    94 | D        | Killed a large bag of meat
    94 | D        | Noticed a meat beast
    95 | D        | Killed a meat beast
    95 | D        | Killed a dread
    96 | D        | Killed a meat beast
    96 | D        | Killed an accursed
    96 | D        | Killed a dread
    96 | D        | Noticed an accursed
    97 | D        | Killed a destroyer
    98 | D        | Killed a large bag of meat
   102 | D        | Killed a large bag of meat
   103 | D        | Killed a tyrant
   103 | D        | Killed an accursed
   106 | D        | Noticed a destroyer
   107 | D        | Annihilated by a destroyer

Illustrated notes

Levels and vault maps discovered:
D:        meatsprint

Skill      XL: |  1  2  3  4  5  6  7  8  9 10 11 12 13 14 15 16 17 18 19 20 21 22 23 24 25 26 27 |
---------------+----------------------------------------------------------------------------------+-----
Axes           | 3 12 17 19 23 27 | 27.0
Ranged Weapons | 3 14 27 | 27.0
Throwing       | 11 27 | 27.0
Evocations     | 21 25 27 | 27.0
Dodging        | 15 21 24 27 | 27.0
Fighting       | 9 19 25 27 | 27.0
Armour         | 8 19 25 27 | 27.0
Maces & Flails | 13 21 25 27 | 27.0
Invocations    | 15 25 27 | 27.0
Unarmed Combat | 18 27 | 27.0
Spellcasting   | 19 27 | 27.0
Polearms       | 10 24 27 | 27.0
Staves         | 11 26 27 | 27.0
Short Blades   | 17 27 | 27.0
Long Blades    | 17 27 | 27.0
Shields        | 16 27 | 27.0
Stealth        | 27 | 27.0

Action                   |  1- 3 |  4- 6 |  7- 9 | 10-12 | 13-15 | 16-18 | 19-21 | 22-24 | 25-27 || total
-------------------------+-------+-------+-------+-------+-------+-------+-------+-------+-------++-------
Melee: Executioner's axe |     1 |       |       |     1 |     4 |     9 |     8 |    13 |    39 ||    75
  Use: Potion            |       |       |       |       |       |       |       |       |     2 ||     2
 Stab: Distracted        |       |       |       |       |       |       |       |     1 |       ||     1
Dodge: Dodged            |       |       |       |       |       |       |       |       |     5 ||     5
